 Dungeon Crawl Stone Soup version 0.26.1-2-gb8aa6d0cf2 (webtiles) character file.

Game seed: 6866255001171787488

149 windgrace the Sneak (level 5, 0/31 HPs)
             Began as a Kobold Enchanter on Feb 12, 2021.
             Was an Initiate of Dithmenos.
             Slain by an orc
             ... wielding a +0 club
              (8 damage)
             ... on level 3 of the Dungeon.
             The game lasted 00:16:35 (2458 turns).

windgrace the Sneak (Kobold Enchanter)              Turns: 2458, Time: 00:16:35

Health: 0/31       AC:  5    Str:  5    XL:     5   Next: 57%
Magic:  1/8        EV: 15    Int: 17    God:    Dithmenos [......]
Gold:   113        SH:  0    Dex: 16    Spells: 2/8 levels left

rFire    . . .     SeeInvis .   a - +1 dagger
rCold    . . .     Faith    .   (shield restricted)
rNeg     . . .     Spirit   .   b - +0 robe
rPois    .         Reflect  .   l - +2 hat
rElec    .         Harm     .   (no cloak)
rCorr    .         Rampage  .   h - +0 pair of gloves
Will     .....                  (no boots)
Stlth    ++++......             (no amulet)
HPRegen  0.10/turn              (no ring)
MPRegen  0.11/turn              (no ring)

@: no status effects
A: small, nightstalker 3
a: Renounce Religion


You were on level 3 of the Dungeon.
You worshipped Dithmenos.
Dithmenos was noncommittal.
You visited 1 branch of the dungeon, and saw 3 of its levels.

You collected 113 gold pieces.

Inventory:

Hand Weapons
 a - a +1 dagger (weapon)
Armour
 b - a +0 robe (worn)
 c - a +0 scale mail of cold resistance
 h - a +0 pair of gloves (worn)
 l - a +2 hat (worn)
Scrolls
 d - a scroll of magic mapping {unknown}
 e - a scroll of enchant weapon {unknown}
 f - a scroll of amnesia {unknown}
 g - 2 scrolls of blinking
 k - a scroll of enchant armour
 n - a scroll of fog {unknown}
 o - a scroll of teleportation {unknown}
 p - 2 scrolls of identify {unknown}
 s - a scroll of remove curse {unknown}
Potions
 i - a potion of lignification {unknown}
 j - a potion of haste {unknown}
 m - a potion of curing
 q - a potion of might {unknown}
 r - a potion of cancellation {unknown}


   Skills:
 + Level 2.6 Fighting
 - Level 3.0 Short Blades
 - Level 2.4 Dodging
 + Level 5.6 Stealth
 - Level 2.1 Spellcasting
 - Level 3.0 Hexes
 - Level 2.0 Ice Magic


You had 2 spell levels left.
You knew the following spells:

 Your Spells              Type           Power        Failure   Level
a - Corona                Hex            13%          5%          1
b - Ensorcelled Hibernat  Hex/Ice        20%          11%         2
c - Tukima's Dance        Hex            12%          17%         3

Your spell library contained the following spells:

 Spells                   Type           Power        Failure   Level
 Confusing Touch          Hex            12%          17%         3
 Dazzling Flash           Conj/Hex       12%          30%         3


Dungeon Overview and Level Annotations

Branches:
Dungeon (3/15)

Altars:
Ashenzari
Dithmenos
Fedhas
Vehumet


Innate Abilities, Weirdness & Mutations

You are small and have problems with some larger weapons.
You are completely attuned to the shadows.


Message History

The orc hits you but does no damage.
You barely miss the orc.
The orc is severely wounded.
The orc closely misses you.
You hit the orc.
You kill the orc!
Dithmenos accepts your kill.
You hit the orc.
The orc is moderately wounded.
The orc misses you.
You hit the orc but do no damage.
The orc is moderately wounded.
You hit the orc.
The orc is severely wounded.
The orc hits you with a +0 club.
* * * LOW HITPOINT WARNING * * *
You barely miss the orc.
The orc is severely wounded.
The orc hits you with a +0 club!
You die...

#.......
######.# #
#.#.###. #.# #
#.#.## #.#
#######....#
#.#
.........#..
#.#
....>.#.....
#.#
#######.#.#.
#.# #.#.#
##########.#.#
#.# #
....@o.......#
...###########
##


You could see an orc.

Vanquished Creatures
  An orc wizard (D:3)
  Natasha (twice) (D:2)
  An adder (D:2)
  An ooze (D:1)
  2 worms (D:2)
  6 orcs
  A ball python (D:1)
  2 giant cockroaches (D:3)
  7 goblins
  6 hobgoblins
  A quokka (D:3)
  7 bats
  2 frilled lizards (D:1)
  4 kobolds
  6 rats
49 creatures vanquished.

Vanquished Creatures (others)
  2 plants (D:2)
2 creatures vanquished.

Grand Total: 51 creatures vanquished

Notes
Turn   | Place    | Note
-------+----------+-------------------------------------------
     0 | D:1      | windgrace the Kobold Enchanter began the quest for the Orb.
     0 | D:1      | Reached XP level 1. HP: 10/10 MP: 3/3
   439 | D:1      | Reached XP level 2. HP: 16/16 MP: 5/5
   462 | D:1      | Reached skill level 1 in Fighting
   683 | D:1      | Learned a level 2 spell: Ensorcelled Hibernation
   700 | D:1      | Reached XP level 3. HP: 20/20 MP: 6/6
  1018 | D:2      | Found a broken altar of Ashenzari.
  1089 | D:2      | Found a blossoming altar of Fedhas.
  1155 | D:2      | Noticed Natasha
  1158 | D:2      | Killed Natasha
  1159 | D:2      | Reached skill level 1 in Ice Magic
  1159 | D:2      | Reached XP level 4. HP: 25/25 MP: 7/7
  1163 | D:2      | Learned a level 3 spell: Tukima's Dance
  1217 | D:2      | Found a shadowy altar of Dithmenos.
  1222 | D:2      | Became a worshipper of Dithmenos the Shadowed
  1639 | D:2      | Reached skill level 5 in Stealth
  1720 | D:2      | Noticed Natasha
  1748 | D:2      | HP: 1/26 [Natasha (8)]
  1754 | D:2      | Killed Natasha
  1797 | D:2      | Reached XP level 5. HP: 24/30 MP: 4/8
  2034 | D:2      | Found a radiant altar of Vehumet.
  2458 | D:3      | Slain by an orc

Illustrated notes

Levels and vault maps discovered:
D:1:      amcnicky_arrival_blooded_trapdoor, layout_rooms, serial_bayou_crossing
D:2:      layout_basic, lemuel_crystal_altar, overflow_temple_1_default,
          marbit_many_paths, lemuel_doored_altar, guppyfry_early_lair_pool,
          uniq_natasha
D:3:      layout_loops_ring, minivault_11

Skill      XL: |  1  2  3  4  5 |
---------------+----------------+-----
Fighting       | 1 2 |  2.6
Short Blades   | 2 3 |  3.0
Ice Magic      | 1 2 |  2.0
Stealth        | 5 |  5.6
Dodging        | |  2.4
Spellcasting   | |  2.1
Hexes          | |  3.0

Action                   |  1- 3 |  4- 6 || total
-------------------------+-------+-------++-------
Melee: Dagger            |    78 |    94 ||   172
 Cast: Ensorcelled Hiber |     2 |    20 ||    22
       Corona            |       |     2 ||     2
       Tukima's Dance    |       |     1 ||     1
  Use: Scroll            |       |     3 ||     3
       Potion            |       |     3 ||     3
 Stab: Sleeping          |    17 |    15 ||    32
Armor: Robe              |     9 |    14 ||    23
Dodge: Dodged            |    47 |    74 ||   121
